 Dungeon Crawl Stone Soup version 0.24-a0-250-g6074511 (webtiles) character file.

Game seed: 1586507977925662170

2143 Borgoz the Slicer (level 9, -7/56 HPs)
             Began as a Kobold Gladiator on Apr 15, 2019.
             Splashed by an acid dragon's acid (16 damage)
             ... on level 6 of the Dungeon.
             The game lasted 00:12:11 (5589 turns).

Borgoz the Slicer (Kobold Gladiator)                Turns: 5589, Time: 00:12:13

Health: -7/56      AC:  7    Str: 19    XL:     9   Next: 56%
Magic:  9/9        EV: 20    Int:  9    God:
Gold:   341        SH:  0    Dex: 20    Spells: 8/8 levels left

rFire    . . .     SeeInvis .   a - +0 rapier
rCold    . . .     Gourm    .   (shield restricted)
rNeg     . . .     Faith    .   u - +3 leather armour {MR+}
rPois    .         Spirit   .   c - +0 helmet
rElec    .         Reflect  .   v - scarf {repulsion}
rCorr    .         Harm     .   (no gloves)
MR       +....                  (no boots)
Stlth    ++........             (no amulet)
HPRegen  0.18/turn              m - +3 ring of dexterity
MPRegen  0.11/turn              p - +5 ring of strength

@: heavily drained, repel missiles
A: small, carnivore
a: no special abilities


You were on level 6 of the Dungeon.
You were very full.

You visited 1 branch of the dungeon, and saw 6 of its levels.

You collected 341 gold pieces.

Inventory:

Hand Weapons
 a - a +0 rapier (weapon)
Missiles
 d - a throwing net (quivered)
Armour
 c - a +0 helmet (worn)
 u - a +3 leather armour of magic resistance (worn)
 v - a scarf of repulsion (worn)
Jewellery
 l - a +3 ring of evasion
 m - a +3 ring of dexterity (left hand)
 p - a +5 ring of strength (right hand)
Wands
 r - a wand of disintegration (1)
 t - a wand of enslavement (1)
Scrolls
 e - a scroll of magic mapping
 g - a scroll of remove curse
 j - 3 scrolls of teleportation
 k - 2 scrolls of amnesia
Potions
 b - a potion of might
 h - 2 potions of haste
 i - a potion of curing
 q - 2 potions of cancellation
 w - 2 potions of degeneration {unknown}
 x - a potion of magic
 B - a potion of lignification {unknown}
Comestibles
 f - 8 rations


   Skills:
 + Level 6.9(5.6) Fighting
 + Level 8.9(7.5) Short Blades
 - Level 2.1(1.0) Throwing
 + Level 4.8(3.6) Armour
 + Level 8.0(6.7) Dodging


You had 8 spell levels left.
You didn't know any spells.
Your spell library was empty.

Dungeon Overview and Level Annotations

Branches:
Dungeon (6/15)
 Temple: D:4-7

Altars:
Sif Muna

Shops:
D:4 [}%?(


Innate Abilities, Weirdness & Mutations

You are small and have problems with some larger weapons.
You are carnivorous and can eat meat at any time.


Message History

Items here: ))) [[[
There is a stone staircase leading down, spattered with blood here.
Items here: ))) [[[
Okay, then.
There is a stone staircase leading down, spattered with blood here.
There is a stone staircase leading down, spattered with blood here.
You climb downwards.
The orc warrior throws a tomahawk.
The tomahawk misses you.
The wight hits you from afar with a +3 spear of freezing.
You feel drained. The wight freezes you.
The orc wizard points at you and mumbles some strange words.
The magic dart hits you! The crimson imp misses you.
The acid dragon barely misses you. x2
The wight hits you from afar with a +3 spear of freezing.
The wight freezes you. The crimson imp hits you.
The acid dragon spits acid at you. The splash of acid hits you!
* * * LOW HITPOINT WARNING * * *
You are splashed with acid!
You die...

#...#.# ##.5.### .#
#...### ###.o....##
...##...## ###.....(...#
.....(...## #...)..####.z
..........## ##...).##
##h ...........###......#
## ...#####(...........#
### ##.D.zo......#
#5@.ooo.....#
##.o........#
####...###...#
###########.....z......#
##......................#
#..######################
####


You could see an orc warrior, an acid dragon, 2 wights, an orc wizard, a crimson
imp and 3 orcs.

Vanquished Creatures
  Sigmund (D:2)
  Duvessa (D:5)
  An orc warrior (D:6)
  An ice beast (D:5)
  3 ogres
  A phantom (D:4)
  A centaur (D:5)
  The ghost of feelmyfire the Poker, an amateur MfGl (D:3)
  Dowan (D:5)
  A scorpion (D:4)
  4 wights (D:5)
  A howler monkey (D:5)
  3 quasits (D:3)
  9 hounds
  A bullfrog skeleton (D:4)
  A centaur zombie (D:5)
  5 centaur skeletons
  2 orc wizards
  Ijyb (D:3)
  2 worker ants (D:4)
  A howler monkey skeleton (D:6)
  10 adders
  A shadow imp (D:6)
  An ooze (D:3)
  2 worms
  2 dart slugs
  6 leopard geckos
  12 orcs
  11 bats
  2 giant cockroaches
  4 hobgoblins
  8 kobolds
  4 quokkas
  A ball python (D:4)
  5 frilled lizards
  9 goblins
  A leopard gecko skeleton (D:4)
  A leopard gecko zombie (D:5)
  12 rats
134 creatures vanquished.

Notes
Turn   | Place    | Note
-------+----------+-------------------------------------------
     0 | D:1      | Borgoz the Kobold Gladiator began the quest for the Orb.
     0 | D:1      | Reached XP level 1. HP: 12/12 MP: 1/1
    89 | D:1      | Reached XP level 2. HP: 18/18 MP: 2/2
   552 | D:2      | Reached XP level 3. HP: 22/22 MP: 3/3
   778 | D:2      | You fall through a shaft for 2 floors!
   786 | D:4      | Reached skill level 1 in Armour
   786 | D:4      | Reached XP level 4. HP: 19/28 MP: 4/4
  1077 | D:4      | Reached XP level 5. HP: 32/32 MP: 5/5
  1122 | D:4      | Reached skill level 5 in Short Blades
  1225 | D:4      | Found Jauqei's Weapon Shop.
  1333 | D:4      | Found Yzui's Gadget Shoppe.
  1348 | D:4      | Reached skill level 5 in Dodging
  1348 | D:4      | Reached XP level 6. HP: 31/38 MP: 6/6
  1358 | D:4      | Found Elyerot's Magic Scroll Shoppe.
  1401 | D:4      | Noticed an ogre
  1417 | D:4      | Killed an ogre
  1787 | D:3      | Noticed Ijyb
  1824 | D:3      | Killed Ijyb
  1824 | D:3      | Reached XP level 7. HP: 40/43 MP: 7/7
  1940 | D:2      | Noticed Sigmund
  1952 | D:2      | Killed Sigmund
  2437 | D:3      | Found a transporter.
  2446 | D:3      | Noticed feelmyfire's ghost (amateur MfGl)
  2465 | D:3      | Found a transporter.
  2475 | D:3      | Found a faded altar of an unknown god.
  2712 | D:3      | Found a deep blue altar of Sif Muna.
  3126 | D:3      | Reached XP level 8. HP: 34/48 MP: 8/8
  3138 | D:3      | Killed feelmyfire's ghost
  3138 | D:3      | Reached skill level 5 in Fighting
  3410 | D:4      | Found Hibar's Armour Boutique.
  3971 | D:4      | Found Qeuckitos's Food Emporium.
  4064 | D:5      | Entered Level 5 of the Dungeon
  4151 | D:5      | Noticed Duvessa
  4151 | D:5      | Noticed Dowan
  4173 | D:5      | Killed Duvessa
  4185 | D:5      | Killed Dowan
  4391 | D:5      | Reached XP level 9. HP: 55/55 MP: 9/9
  4734 | D:6      | Noticed a brown ugly thing
  5589 | D:6      | Splashed by an acid dragon's acid

Levels and vault maps discovered:
D:1:      wander_arrival_estate, layout_basic
D:2:      layout_loops_corners, uniq_sigmund
D:3:      layout_basic, old_standard_altar, gammafunk_ghost_stat_death,
          chequers_ecumenical_altar_simple, first_ration,
          kennysheep_generic_room_9, uniq_ijyb
D:4:      layout_gridville, serial_shops, kennysheep_mini,
          nicolae_shop_waterfront, nicolae_shop_window_shopping,
          nicolae_shop_trees, shop, chequers_serial_rivers_micro_c,
          kennysheep_windowed_goal
D:5:      layout_rooms, chequers_serial_rivers_micro_c, uniq_duvessa
D:6:      cheibrodos_fzero, layout_layer_cave, tso_metal_star

Skill      XL: |  1  2  3  4  5  6  7  8  9 |
---------------+----------------------------+-----
Dodging        | 4 5 6 7 8 |  8.0
Fighting       | 3 4 6 |  6.9
Armour         | 1 2 3 4 |  4.8
Short Blades   | 5 6 7 8 |  8.9
Throwing       | |  2.1

Action                   |  1- 3 |  4- 6 |  7- 9 || total
-------------------------+-------+-------+-------++-------
Melee: Rapier            |    69 |   105 |   393 ||   567
Throw: Throwing net      |       |     1 |     2 ||     3
Evoke: Wand              |       |       |     9 ||     9
  Use: Scroll            |       |       |    17 ||    17
       Potion            |       |       |     6 ||     6
 Stab: Sleeping          |     1 |     1 |     4 ||     6
       Distracted        |       |       |     1 ||     1
       Held in net/web   |       |       |     2 ||     2
  Eat: Chunk             |     2 |     5 |    16 ||    23
Armor: Leather armour    |     9 |    14 |    88 ||   111
Dodge: Dodged            |    55 |   111 |   427 ||   593
       Deflected         |       |       |     6 ||     6

Table legend:
 A = Non-vault XP
 B = Vault XP
 C = Vault XP percentage of total XP
 D = Non-vault monster count
 E = Vault monster count
 F = Vault count percentage of total count
                 A         B        C        D         E       F
            +---------+---------+-------+---------+---------+-------
      Total |    1975 |    1087 |  35.5 |     118 |      16 |  11.9
            +---------+---------+-------+---------+---------+-------
        D:1 |      26 |       0 |   0.0 |      16 |       0 |   0.0
        D:2 |      79 |     212 |  72.9 |      29 |       1 |   3.3
        D:3 |      83 |     287 |  77.6 |      19 |       5 |  20.8
        D:4 |     826 |       1 |   0.1 |      24 |       1 |   4.0
        D:5 |     769 |     397 |  34.0 |      18 |       6 |  25.0
        D:6 |     192 |     190 |  49.7 |      12 |       3 |  20.0
            +---------+---------+-------+---------+---------+-------
